Map: Lost and Found LE

Players

Marzbar - Winner!

  • Race: Zerg Zerg
  • League: Diamond
  • Spawn Location: 7:00

Pookie

  • Race: Protoss Protoss
  • League: Diamond
  • Spawn Location: 1:00

VOD

Have the link to the VOD?

Description

Time

  • Played on: June 17, 2018, 5:44 p.m.
  • Length: 13:28
Show
View Real Time Build Order
Export as new Build Order

Marzbar Zerg - Winner!

Build Orders: Hatch First, Lurkers 

Get SALT Encoding   

  12  0:03  Drone  
  13  0:12  Overlord  
  13  0:27  Drone  
  14  0:31  Drone  
  14  0:32  Drone  
  16  0:50  Hatchery  
  16  0:54  Drone  
  16  0:55  Drone  
  17  0:58  Extractor  
  16  1:08  Drone  
  16  1:10  Drone  
  18  1:20  Spawning Pool  
  18  1:22  Drone  
  18  1:31  Drone  
  19  1:42  Overlord  
  19  2:06  Queen  
  19  2:07  Queen  
  19  2:08  Zergling x4  
  25  2:09  Metabolic Boost  
  25  2:13  Drone  
  26  2:17  Drone  
  27  2:37  Drone  
  27  2:38  Drone  
  27  2:39  Drone  
  27  2:40  Overlord, Drone  
  30  3:08  Hatchery, Drone x5  
  30  3:10  Overlord  
  34  3:17  Drone  
  34  3:18  Zergling x2, Drone  
  37  3:20  Drone  
  38  3:34  Baneling Nest  
  38  3:37  Drone  
  38  3:38  Overlord, Drone x2  
  38  3:39  Zergling x2  
  41  3:43  Queen  
  43  3:55  Drone x6  
  49  4:11  Roach Warren  
  49  4:12  Extractor  
  47  4:17  Drone  
  47  4:18  Drone x3  
  47  4:19  Queen  
  47  4:20  Baneling x5  
  47  4:23  Queen  
  55  4:31  Lair  
  55  4:37  Overlord  
  55  4:40  Drone x4, Spore Crawler  
  55  4:42  Overlord  
  58  5:03  Drone  
  58  5:04  Drone  
  58  5:05  Roach x3  
  58  5:07  Overlord x3  
  66  5:13  Evolution Chamber  
  66  5:14  Evolution Chamber  
  64  5:24  Roach  
  64  5:25  Roach x3  
  66  5:54  Zerg Missile Weapons Level 1  
  66  5:55  Zerg Melee Weapons Level 1  
  66  5:57  Zergling x10  
  66  5:58  Zergling x6  
  66  5:59  Overlord x4  
  66  6:00  Drone  
  66  6:01  Drone x3  
  78  6:07  Drone x5  
  83  6:12  Glial Reconstitution  
  83  6:26  Drone  
  83  6:27  Drone x6  
  90  6:32  Hatchery  
  90  6:33  Extractor  
  87  6:42  Hatchery  
  87  6:47  Overlord x3  
  81  6:48  Roach x5  
  81  6:49  Roach x2  
  94  7:03  Hydralisk Den  
  85  7:11  Extractor  
  84  7:16  Extractor  
  84  7:17  Extractor  
  84  7:18  Drone, Spore Crawler  
  84  7:19  Drone x3  
  84  7:20  Drone x5  
  84  7:22  Spine Crawler  
  89  7:26  Overseer x3  
  89  7:38  Overseer  
  89  7:40  Hydralisk  
  89  7:41  Hydralisk  
  93  7:46  Drone x5  
  93  7:48  Queen  
  100  7:56  Hydralisk x3  
  100  7:57  Zergling x2  
  100  7:58  Zergling x10  
  112  8:00  Queen x2  
  112  8:04  Drone x3  
  119  8:16  Hydralisk  
  119  8:17  Hydralisk x6  
  133  8:23  Drone  
  133  8:24  Drone x7  
  133  8:25  Zerg Missile Weapons Level 2  
  141  8:33  Queen  
  143  8:34  Drone  
  143  8:35  Drone x7  
  150  8:56  Extractor  
  150  8:57  Extractor, Grooved Spines  
  150  8:58  Hydralisk Den  
  150  8:59  Zerg Melee Weapons Level 2  
  150  9:01  Hydralisk x3  
  151  9:17  Baneling  
  151  9:18  Baneling x6  
  151  9:26  Lurker Den  
  151  9:35  Spore Crawler  
  151  9:37  Spine Crawler  
  149  9:45  Hydralisk  
  149  9:46  Hydralisk x3  
  149  9:48  Overlord x5  
  149  9:49  Overlord  
  144  10:08  Hydralisk  
  144  10:09  Hydralisk x15, Muscular Augments  
  172  10:24  Spire  
  172  10:26  Infestation Pit  
  170  10:47  Hatchery  
  170  10:48  Hatchery  
  168  10:55  Hatchery  
  167  11:01  Lurker  
  167  11:02  Lurker x7  
  167  11:04  Zergling x16  
  176  11:05  Zergling x2  
  166  11:35  Hydralisk x8  
  166  11:36  Hydralisk x5  
  177  11:52  Hive  
  170  12:01  Lurker  
  170  12:02  Lurker  
  170  12:03  Lurker, Overlord x3  
  170  12:04  Zergling x2  
  170  12:05  Zergling x20  
  178  12:46  Hydralisk  
  178  12:47  Hydralisk x11  
Show
View Real Time Build Order
Export as new Build Order

Pookie Protoss 

Build Orders: 1 Gate Expand, Phoenix Opening 

Get SALT Encoding   

  12  0:01  Probe  
  13  0:21  Pylon, Probe  
  14  0:33  Probe  
  15  0:41  Gateway  
  15  0:43  Probe  
  16  0:51  Probe  
  17  0:57  Assimilator  
  17  1:00  Probe  
  18  1:11  Probe  
  19  1:26  Nexus  
  19  1:44  Cybernetics Core  
  19  1:45  Probe  
  20  1:53  Probe  
  20  1:54  Assimilator  
  21  2:01  Probe  
  21  2:06  Gateway  
  22  2:13  Probe  
  23  2:17  Pylon  
  23  2:26  Warp Gate  
  23  2:27  Adept  
  23  2:35  Probe  
  26  2:46  Probe  
  27  2:51  Stargate  
  27  3:01  Adept  
  27  3:02  Probe  
  27  3:03  Probe  
  27  3:05  Assimilator  
  29  3:10  Probe  
  29  3:11  Probe  
  33  3:20  Probe  
  33  3:26  Twilight Council  
  34  3:30  Adept x2  
  34  3:31  Probe  
  34  3:32  Probe  
  40  3:36  Pylon  
  40  3:39  Probe  
  40  3:44  Probe  
  42  3:51  Resonating Glaives  
  42  3:53  Phoenix  
  44  3:57  Adept  
  44  3:58  Adept  
  48  4:05  Probe x2  
  50  4:10  Pylon  
  50  4:17  Probe x2  
  52  4:26  Gateway  
  52  4:27  Gateway  
  52  4:29  Probe x2  
  54  4:50  Adept  
  54  4:51  Adept  
  58  4:55  Nexus  
  58  5:00  Probe  
  58  5:01  Pylon  
  58  5:02  Probe  
  58  5:03  Phoenix  
  62  5:15  Probe  
  62  5:17  Pylon  
  62  5:18  Pylon  
  62  5:19  Pylon, Probe  
  64  5:26  Probe  
  65  5:31  Probe  
  52  5:43  Zealot x2  
  52  5:47  Gateway x2  
  54  5:57  Probe x2  
  56  5:59  Stalker x2  
  60  6:07  Robotics Facility x2  
  60  6:11  Assimilator  
  60  6:14  Oracle  
  63  6:23  Probe x2  
  63  6:24  Probe  
  66  6:29  Shield Battery  
  66  6:30  Shield Battery  
  66  6:31  Shield Battery  
  66  6:39  Adept x4  
  70  6:56  Zealot x2  
  74  7:13  Immortal x2  
  82  7:19  Probe x2, Templar Archives  
  82  7:20  Probe  
  84  7:27  Probe x2  
  87  7:38  Stalker x3  
  87  7:39  Stalker x3  
  87  7:40  Assimilator  
  87  7:41  Probe x3  
  102  7:45  Assimilator  
  102  7:52  Immortal  
  102  7:54  Probe  
  107  8:27  Pylon x2  
  107  8:29  Pylon  
  107  8:30  Pylon x2  
  107  8:36  Pylon, Immortal  
  107  8:37  Immortal  
  107  8:46  Nexus  
  107  8:47  Pylon  
  114  9:01  Stalker x4  
  114  9:02  Stalker x2  
  126  9:07  Probe x2  
  126  9:08  Immortal x2  
  128  9:13  Forge x2  
  128  9:16  Psionic Storm  
  136  9:24  Sentry x2  
  136  9:25  Sentry x2  
  136  9:30  Sentry  
  146  9:42  Probe  
  146  9:43  Probe, Immortal  
  146  9:45  Observer  
  152  10:06  Observer  
  148  10:12  Warp Prism  
  146  10:14  Stalker x3  
  146  10:15  Stalker x3  
  160  10:37  Sentry  
  160  10:38  Sentry x2  
  166  10:44  Probe  
  166  10:45  Probe x3  
  170  10:57  Probe x2  
  172  10:59  Pylon  
  172  11:01  Pylon  
  172  11:11  Photon Cannon  
  172  11:15  Photon Cannon  
  172  11:17  Photon Cannon  
  168  11:28  Stalker x3  
  168  11:29  Stalker  
  160  11:44  Oracle  
  155  11:47  Zealot x2  
  155  11:50  Observer x2  
  162  12:11  Immortal  
  162  12:21  Oracle  
  165  12:43  Zealot x4  
  165  12:44  Zealot x2  
  116  13:22  Pylon  
Tags
 
Add a new tag
Caveats
  • Supply blocks, unpowered buildings, or Contaminate may cause inaccurate times.
  • Supply counts are checked every 10 seconds.